Map: Deathaura LE

Players

blackcats - Winner!

  • Race: Protoss Protoss
  • League: Diamond
  • Spawn Location: 5:00

GirlDad

  • Race: Zerg Zerg
  • League: Diamond
  • Spawn Location: 11:00

VOD

Have the link to the VOD?

Description

Time

  • Played on: July 30, 2020, 5:01 p.m.
  • Length: 19:49
Show
View Real Time Build Order
Export as new Build Order

blackcats Protoss - Winner!

Build Orders: 1 Gate Expand, Oracle Opening, Carriers 

Get SALT Encoding   

  12  0:00  Probe  
  13  0:14  Pylon  
  13  0:18  Probe  
  14  0:30  Probe  
  15  0:38  Gateway  
  16  0:42  Probe (Chrono Boost)  
  16  0:49  Assimilator  
  16  0:53  Probe (Chrono Boost)  
  17  1:01  Probe  
  18  1:13  Probe  
  19  1:25  Probe  
  19  1:28  Cybernetics Core  
  20  1:41  Nexus  
  20  1:44  Probe  
  21  1:52  Pylon  
  21  1:58  Zealot  
  23  2:09  Assimilator  
  23  2:10  Probe  
  24  2:16  Stargate  
  24  2:22  Probe  
  25  2:28  Zealot  
  27  2:34  Probe  
  28  2:42  Pylon  
  28  2:48  Probe  
  28  2:50  Warp Gate  
  29  2:53  Probe  
  30  3:01  Probe  
  30  3:03  Oracle (Chrono Boost)  
  30  3:05  Probe  
  35  3:17  Probe  
  35  3:18  Probe  
  37  3:29  Probe  
  37  3:30  Probe, Void Ray (Chrono Boost)  
  43  3:39  Gateway  
  43  3:41  Probe  
  43  3:42  Probe  
  45  3:55  Probe x2  
  47  4:04  Void Ray (Chrono Boost)  
  51  4:22  Probe  
  51  4:23  Probe  
  53  4:25  Pylon  
  53  4:27  Pylon, Assimilator  
  53  4:30  Assimilator  
  53  4:39  Probe  
  53  4:43  Void Ray (Chrono Boost)  
  58  4:52  Probe x2  
  60  5:01  Gateway x2  
  60  5:03  Twilight Council  
  60  5:10  Probe x2  
  62  5:18  Void Ray (Chrono Boost)  
  66  5:27  Probe  
  66  5:28  Probe  
  68  5:31  Nexus  
  68  5:35  Pylon  
  68  5:36  Pylon  
  68  5:37  Zealot  
  68  5:41  Pylon  
  70  5:43  Pylon  
  70  5:47  Pylon  
  70  5:49  Pylon  
  70  5:53  Probe, Pylon  
  64  6:14  Probe x2  
  64  6:17  Void Ray  
  70  6:20  Charge (Chrono Boost)  
  70  6:21  Zealot x4  
  78  6:26  Probe  
  78  6:28  Protoss Air Weapons Level 1 (Chrono Boost)  
  78  6:29  Templar Archives  
  79  6:35  Gateway  
  79  6:37  Gateway  
  79  6:40  Forge  
  79  6:44  Stalker  
  79  6:45  Zealot x2  
  79  6:46  Zealot, Psionic Storm  
  87  6:52  Void Ray  
  87  6:57  Probe  
  87  6:58  Probe x2  
  94  7:09  Probe  
  94  7:10  Probe x2  
  97  7:22  Probe x3  
  100  7:32  Protoss Shields Level 1 (Chrono Boost)  
  100  7:39  Probe x3  
  103  7:44  Assimilator  
  103  7:45  Void Ray  
  103  7:47  Assimilator  
  103  7:49  High Templar x2  
  103  7:51  Probe x3  
  114  7:58  Fleet Beacon  
  114  7:59  Pylon  
  114  8:03  Probe x3  
  117  8:05  Stargate  
  117  8:15  Probe x3  
  117  8:16  Protoss Air Armor Level 1 (Chrono Boost)  
  117  8:19  Zealot  
  122  8:20  Zealot x3  
  128  8:28  Gateway  
  128  8:31  Gateway  
  128  8:33  Gateway  
  128  8:36  Pylon  
  128  8:39  High Templar  
  130  8:59  Nexus  
  130  9:02  Pylon  
  130  9:04  Pylon  
  130  9:05  High Templar x2  
  130  9:07  Assimilator  
  130  9:09  Pylon, Archon  
  134  9:10  Carrier (Chrono Boost)  
  134  9:11  Carrier (Chrono Boost), Unknown  
  134  9:13  Cybernetics Core  
  134  9:16  Pylon  
  146  9:53  Protoss Shields Level 2  
  146  10:03  Zealot x3  
  146  10:04  Zealot x2  
  146  10:05  Zealot x3  
  146  10:06  Zealot  
  164  10:10  Protoss Air Weapons Level 2 (Chrono Boost)  
  164  10:11  Protoss Air Armor Level 2 (Chrono Boost)  
  164  10:17  Carrier  
  105  10:50  Zealot x2  
  105  10:51  Zealot x6  
  105  10:52  Zealot  
  108  11:13  Carrier  
  108  11:14  High Templar x2  
  108  11:15  Zealot  
  108  11:16  Zealot x6  
  132  11:21  Carrier  
  132  11:22  Assimilator  
  138  11:37  Nexus  
  138  11:40  Pylon  
  138  11:45  High Templar  
  140  11:47  Zealot x2, High Templar  
  140  11:48  Zealot x2  
  128  12:24  Zealot x2  
  128  12:25  Zealot x6  
  128  12:26  Zealot  
  144  12:35  Carrier x2  
  130  12:57  Probe x2  
  132  13:03  Protoss Shields Level 3 (Chrono Boost)  
  132  13:18  Probe (Chrono Boost)  
  133  13:21  Protoss Air Armor Level 3 (Chrono Boost)  
  133  13:24  Protoss Air Weapons Level 3 (Chrono Boost)  
  137  13:28  Probe (Chrono Boost)  
  137  13:29  Probe x3 (Chrono Boost)  
  137  13:31  Zealot x2, Shield Battery  
  137  13:32  Zealot  
  137  13:33  Probe (Chrono Boost)  
  112  13:47  Zealot x4  
  104  14:09  Zealot x4  
  105  14:10  Zealot  
  99  14:20  Carrier  
  99  14:27  Zealot  
  99  14:28  Zealot x2  
  101  14:34  Zealot  
  94  14:44  High Templar  
  94  14:45  High Templar  
  94  14:51  Probe x3  
  96  14:58  Probe  
  97  15:03  Probe x2  
  97  15:04  Zealot  
  101  15:20  High Templar x2  
  103  15:24  Probe x4, Assimilator  
  103  15:26  High Templar x2  
  111  15:30  Archon  
  111  15:36  High Templar  
  111  15:37  High Templar x3  
  111  15:40  Archon  
  111  15:41  Archon  
  119  15:56  Carrier (Chrono Boost)  
  119  15:57  Carrier (Chrono Boost)  
  121  16:32  Nexus  
  121  16:45  Gateway  
  121  16:47  Gateway  
  121  16:49  Gateway  
  121  16:51  Gateway  
  121  17:05  High Templar  
  121  17:06  High Templar x2  
  121  17:07  High Templar  
  129  17:22  Carrier (Chrono Boost), Archon x2  
  135  17:38  Carrier (Chrono Boost)  
  141  17:53  Probe  
  141  17:54  Probe x3  
  145  18:16  Zealot, Carrier (Chrono Boost)  
  145  18:17  Zealot  
  155  18:25  Zealot  
  149  19:14  Zealot  
  149  19:15  Zealot x5  
  149  19:16  Zealot x4  
  149  19:17  Zealot x2  
Show
View Real Time Build Order
Export as new Build Order

GirlDad Zerg 

Build Orders: Hatch First 

Get SALT Encoding   

  12  0:00  Drone  
  13  0:12  Overlord  
  13  0:17  Drone  
  14  0:31  Drone x2  
  16  0:54  Hatchery  
  16  0:55  Drone x2  
  17  0:59  Drone  
  18  1:09  Extractor  
  17  1:16  Spawning Pool  
  17  1:18  Drone  
  17  1:21  Drone  
  18  1:29  Drone  
  19  1:39  Drone  
  20  1:50  Drone  
  21  2:01  Drone  
  22  2:05  Queen x2  
  22  2:06  Zergling x2  
  27  2:15  Overlord  
  27  2:16  Metabolic Boost  
  27  2:19  Drone  
  28  2:34  Hatchery, Drone  
  28  2:37  Drone  
  28  2:38  Drone  
  30  2:48  Queen  
  30  2:49  Drone  
  33  2:56  Drone x2  
  35  3:08  Overlord  
  35  3:09  Drone  
  36  3:19  Overlord  
  36  3:20  Overlord  
  36  3:26  Drone x3  
  38  3:27  Drone  
  38  3:31  Queen  
  38  3:32  Drone  
  38  3:33  Drone  
  43  3:41  Drone  
  44  3:42  Drone  
  44  3:47  Queen, Drone  
  48  3:50  Spore Crawler  
  48  3:54  Drone x4  
  48  3:55  Spore Crawler  
  50  4:07  Drone x5  
  54  4:11  Drone x2  
  54  4:16  Overlord  
  52  4:22  Drone x3  
  55  4:33  Extractor, Drone x4  
  58  4:40  Evolution Chamber, Drone  
  58  4:41  Drone  
  58  4:42  Roach Warren, Evolution Chamber  
  57  4:48  Drone  
  57  4:49  Drone  
  57  4:51  Queen  
  61  4:54  Drone  
  62  5:00  Drone x4  
  62  5:02  Overlord x2  
  62  5:05  Overlord  
  66  5:08  Extractor  
  66  5:09  Extractor  
  64  5:14  Lair  
  64  5:16  Spore Crawler  
  64  5:21  Zerg Missile Weapons Level 1  
  63  5:27  Queen  
  65  5:33  Drone x9  
  74  5:52  Overlord, Extractor  
  74  5:53  Spore Crawler  
  74  5:54  Zergling x16  
  78  6:18  Zerg Ground Armor Level 1  
  78  6:21  Hydralisk Den  
  78  6:23  Drone x3  
  78  6:24  Drone x2  
  82  6:30  Overlord x2  
  82  6:31  Overseer  
  82  6:33  Drone x6  
  82  6:39  Extractor  
  87  6:41  Hatchery  
  82  7:06  Hydralisk x11  
  82  7:07  Hydralisk  
  106  7:13  Overlord x2  
  106  7:15  Baneling Nest  
  106  7:16  Grooved Spines  
  106  7:18  Zerg Missile Weapons Level 2  
  106  7:20  Overlord  
  106  7:21  Overlord x3  
  105  7:26  Overlord x2  
  105  7:27  Overlord  
  105  7:33  Drone x3  
  108  7:47  Drone x7  
  115  7:59  Drone  
  115  8:00  Extractor, Drone x5  
  115  8:04  Extractor  
  119  8:11  Zergling x10  
  124  8:12  Zerg Melee Weapons Level 1  
  124  8:13  Centrifical Hooks  
  124  8:18  Zergling x8  
  124  8:19  Evolution Chamber, Overseer  
  127  8:30  Drone x8  
  127  8:34  Zergling x8  
  136  8:36  Baneling x7, Overseer  
  136  8:37  Overseer  
  136  8:39  Pneumatized Carapace  
  139  8:53  Zergling x18  
  148  8:57  Muscular Augments  
  148  8:58  Infestation Pit  
  148  8:59  Zerg Ground Armor Level 2  
  147  9:07  Baneling x15  
  147  9:08  Zergling x16  
  155  9:12  Lurker Den  
  154  9:20  Zergling x8  
  154  9:21  Zergling x6  
  161  9:26  Overseer  
  161  9:27  Spire  
  161  9:30  Hatchery  
  159  9:37  Hydralisk x8  
  175  9:46  Baneling  
  175  9:47  Baneling x13  
  175  9:58  Hive  
  175  10:01  Overlord x5  
  175  10:16  Hatchery  
  142  10:43  Hydralisk x16  
  142  10:44  Hydralisk x4  
  142  10:47  Hydralisk  
  142  10:48  Hydralisk  
  159  11:03  Hydralisk x5  
  159  11:04  Hydralisk x2  
  149  11:06  Zergling x12  
  149  11:08  Drone  
  149  11:09  Drone x4  
  162  11:21  Hydralisk  
  162  11:22  Hydralisk x4  
  172  11:26  Queen  
  172  11:27  Overlord  
  172  11:29  Extractor  
  172  11:30  Extractor  
  172  11:32  Zergling x10  
  177  11:35  Extractor x2  
  177  11:39  Adrenal Glands, Zerg Melee Weapons Level 2  
  175  11:41  Zerg Missile Weapons Level 3  
  175  11:44  Baneling  
  175  11:45  Baneling x3  
  175  11:46  Zergling x12  
  175  11:47  Zergling x18  
  188  11:51  Zergling x2  
  188  11:54  Baneling x7  
  191  12:02  Drone x8  
  169  12:31  Corruptor x9  
  169  12:33  Zergling x18  
  149  12:40  Zergling x2  
  149  12:41  Zergling x16  
  140  12:50  Overlord  
  140  12:57  Baneling  
  140  12:58  Baneling x15  
  140  13:03  Zergling x2  
  140  13:04  Zergling x28  
  155  13:11  Drone x2  
  155  13:12  Drone x6  
  163  13:14  Spore Crawler  
  163  13:15  Spore Crawler  
  163  13:19  Spine Crawler  
  160  13:25  Zergling x2  
  160  13:26  Zergling x20  
  171  13:29  Pathogen Glands  
  170  13:38  Corruptor  
  170  13:39  Corruptor x2, Zergling x2  
  153  13:46  Zergling x18  
  153  13:47  Zergling x2  
  148  13:53  Zergling x14  
  144  14:09  Drone  
  143  14:17  Hydralisk x14  
  143  14:18  Hydralisk  
  143  14:23  Infestor x3  
  170  14:37  Corruptor x5  
  161  14:58  Zerg Flyer Weapons Level 1  
  161  15:01  Spire  
  161  15:02  Hydralisk x8  
  176  15:11  Queen  
  178  15:20  Hatchery  
  177  15:21  Infestor  
  177  15:22  Hydralisk, Zergling x2  
  177  15:23  Hydralisk x8  
  198  15:29  Zerg Ground Armor Level 3  
  198  15:44  Infestor  
  170  16:21  Hydralisk x5  
  170  16:22  Hydralisk x22  
  170  16:25  Corruptor x2  
  182  16:30  Hydralisk x3  
  176  16:35  Overlord, Hydralisk  
  176  16:36  Hydralisk  
  180  16:49  Zerg Flyer Armor Level 1  
  180  16:52  Zerg Flyer Weapons Level 2  
  180  16:58  Infestor x7  
  194  17:01  Neural Parasite  
  194  17:09  Spine Crawler, Unknown x2, Spore Crawler  
  194  17:10  Spine Crawler  
  194  17:12  Zergling x18  
  198  17:23  Infestor  
  200  17:44  Roach Warren  
  200  18:05  Drone  
  200  18:19  Spine Crawler, Spore Crawler  
  198  18:22  Spine Crawler  
  188  18:46  Corruptor x8  
  188  18:47  Corruptor x11  
  172  18:51  Hydralisk x8  
  172  18:52  Hydralisk x7  
  172  18:54  Hydralisk  
  178  19:07  Hydralisk x2, Spore Crawler  
  178  19:08  Hydralisk x3  
  183  19:15  Hydralisk x3  
  189  19:18  Overlord  
Tags
 
Add a new tag
Caveats
  • Supply blocks, unpowered buildings, or Contaminate may cause inaccurate times.
  • Supply counts are checked every 10 seconds.